AoeStats
← patrickgeisler85

Black Forest

510077977Analyzed
4v4 RM · 3d ago on Sep 29, 2026· 63m 35s· 8 players
Game mode
Random Map
Map size
Large (8 player)
Population
200
Speed
Normal
Resources
Standard
Victory
Conquest
Starting age
Dark Age
Ending age
Imperial Age
RankedLock teamsTeams togetherTeam positionsShared explorationLock speedFull tech treeHidden civsTurbo modeCheats
Victory
Defeat
🇫🇷 Ethiopians · France
645
+12
🇧🇬 Byzantines · Bulgaria
604
+14
🇫🇷 Vikings · France
598
+25
🇩🇪 Persians · Germany
590
+15
🇨🇳 Bohemians · China
671
-17
🇲🇽 Khmer · Mexico
588
-15
🇭🇰 Persians · Hong Kong SAR China
530
-13
🇷🇺 Britons · Russia
470
-10
Danhowser
11:53 Feudal Age
12:53 Man-at-Arms
16:04 Double-Bit Axe
16:29 Gold Mining
17:38 Forging
21:08 Fletching
24:15 Castle Age
23:03 Stone Mining
25:18 Bow Saw
26:59 Long Swordsman
28:49 Gold Shaft Mining
30:14 Iron Casting
31:14 Squires
31:09 Fletching
32:16 Horse Collar
35:55 Imperial Age
37:49 Heavy Plow
38:31 Two-Handed Swordsman
39:15 Caravan
39:31 Masonry
39:51 Ballistics
39:43 Siege Engineers
40:13 Capped Ram
41:51 Conscription
42:54 Champion
46:29 Town Watch
46:41 Elite Berserk
48:55 Scale Barding Armor
48:54 Padded Archer Armor
48:53 Bodkin Arrow
50:01 Blast Furnace
49:03 Scale Mail Armor
49:58 Town Patrol
51:24 Two-Man Saw
51:17 Siege Ram
51:22 Onager
52:18 Chieftains
52:36 Bogsveigar
55:07 Architecture
54:50 Bracer
55:09 Leather Archer Armor
55:11 Chain Mail Armor
55:19 Chain Barding Armor
patrickgeisler85
0:54 Loom
14:09 Feudal Age
16:23 Wheelbarrow
15:47 Double-Bit Axe
16:15 Horse Collar
22:29 Castle Age
22:44 Gold Mining
22:48 Stone Mining
23:20 Hand Cart
23:29 Bow Saw
23:23 Heavy Plow
29:23 Gold Shaft Mining
30:26 Kamandaran
33:20 Caravan
37:35 Imperial Age
36:34 Thumb Ring
35:49 Crossbowman
38:37 Crop Rotation
39:10 Two-Man Saw
39:16 Chemistry
38:36 Ballistics
38:07 Heated Shot
38:13 Murder Holes
38:38 Citadels
38:49 Conscription
40:07 Elite War Elephant
42:49 Forging
42:44 Scale Barding Armor
42:40 Padded Archer Armor
42:32 Fletching
43:25 Hoardings
46:40 Bloodlines
46:30 Husbandry
GhOsTdOg
0:33 Loom
18:05 Feudal Age
23:17 Castle Age
21:18 Horse Collar
22:01 Stone Mining
22:07 Double-Bit Axe
22:48 Gold Mining
25:14 Wheelbarrow
25:01 Caravan
25:46 Bow Saw
25:54 Heavy Plow
27:06 Stone Shaft Mining
30:13 Gold Shaft Mining
32:07 Hand Cart
37:23 Imperial Age
36:04 Royal Heirs
36:17 Forging
36:08 Scale Mail Armor
36:13 Scale Barding Armor
36:09 Padded Archer Armor
35:59 Fletching
35:58 Arson
36:14 Squires
37:49 Iron Casting
36:54 Man-at-Arms
38:22 Chain Mail Armor
38:10 Torsion Engines
38:31 Conscription
40:01 Two-Man Saw
40:04 Chemistry
39:15 Masonry
39:17 Fortified Wall
39:49 Onager
40:27 Halberdier
40:39 Cavalier
41:21 Husbandry
40:42 Heavy Camel Rider
41:55 Elite Shotel Warrior
43:54 Architecture
43:30 Siege Engineers
46:02 Plate Mail Armor
46:33 Blast Furnace
53:54 Siege Onager
60:53 Chain Barding Armor
60:28 Bodkin Arrow
60:49 Leather Archer Armor
60:32 Heated Shot
North Stand
12:44 Feudal Age
17:53 Castle Age
16:16 Double-Bit Axe
16:26 Horse Collar
17:05 Gold Mining
17:09 Stone Mining
23:44 Bow Saw
24:23 Heavy Plow
25:18 Gold Shaft Mining
27:19 Stone Shaft Mining
28:13 Caravan
32:22 Imperial Age
31:46 Loom
32:36 Wheelbarrow
35:10 Crop Rotation
35:43 Two-Man Saw
35:20 Conscription
36:32 Fortified Wall
36:18 Murder Holes
36:44 Ballistics
37:25 Chemistry
36:16 Guard Tower
36:11 Arrowslits
37:12 Hand Cart
37:45 Husbandry
37:08 Cavalier
38:38 Paladin
39:51 Forging
39:49 Scale Barding Armor
45:40 Bombard Tower
45:56 Keep
50:08 Hoardings
57:35 Onager
PorQue
1:53 Loom
12:16 Feudal Age
13:24 Double-Bit Axe
13:23 Horse Collar
15:29 Wheelbarrow
21:46 Castle Age
20:32 Gold Mining
24:17 Caravan
24:23 Stone Mining
24:52 Bow Saw
24:48 Heavy Plow
26:37 Hand Cart
29:53 Town Watch
30:38 Town Patrol
36:11 Imperial Age
36:38 Gold Shaft Mining
36:40 Stone Shaft Mining
36:09 Padded Archer Armor
35:59 Fletching
35:42 Pikeman
36:27 Scale Mail Armor
36:20 Arson
36:26 Halberdier
38:23 Tusk Swords
38:24 Double Crossbow
38:14 Light Cavalry
38:54 Husbandry
39:06 Bloodlines
40:34 Leather Archer Armor
40:16 Bodkin Arrow
39:44 Elite Ballista Elephant
41:21 Crop Rotation
41:51 Bracer
42:22 Ring Archer Armor
43:59 Chemistry
43:20 Ballistics
43:06 Hussar
53:04 Chain Mail Armor
52:59 Forging
52:55 Scale Barding Armor
55:32 Iron Casting
62:51 Cavalier
Yakudzzza
0:30 Loom
11:56 Feudal Age
13:14 Wheelbarrow
12:25 Town Watch
12:42 Double-Bit Axe
18:20 Gold Mining
20:39 Stone Mining
21:27 Horse Collar
27:12 Castle Age
26:33 Fletching
26:44 Padded Archer Armor
28:10 Hand Cart
27:57 Town Patrol
27:21 Crossbowman
27:59 Bodkin Arrow
28:34 Bow Saw
29:52 Leather Archer Armor
36:29 Gold Shaft Mining
37:12 Heavy Plow
39:55 Imperial Age
38:20 Yeomen
42:07 Two-Man Saw
41:46 Hoardings
40:35 Arbalester
42:22 Bracer
42:52 Ring Archer Armor
44:45 Caravan
45:16 Coinage
44:56 Guilds
46:37 Pikeman
47:17 Squires
47:02 Arson
47:05 Gambesons
gysrj777098
5:36 Loom
14:02 Feudal Age
16:46 Horse Collar
17:17 Double-Bit Axe
29:10 Castle Age
26:57 Town Watch
27:09 Arson
28:11 Man-at-Arms
29:00 Padded Archer Armor
28:51 Fletching
29:23 Scale Mail Armor
30:17 Leather Archer Armor
30:08 Scale Barding Armor
30:26 Forging
35:07 Squires
34:28 Pikeman
34:29 Long Swordsman
34:32 Crossbowman
35:17 Husbandry
34:37 Light Cavalry
41:01 Imperial Age
39:12 Bow Saw
41:41 Halberdier
41:41 Two-Handed Swordsman
44:40 Ring Archer Armor
44:06 Bodkin Arrow
45:15 Chain Barding Armor
46:53 Bracer
47:09 Chain Mail Armor
49:08 Champion
baby
0:34 Loom
13:12 Feudal Age
21:59 Castle Age
19:52 Horse Collar
20:35 Double-Bit Axe
23:29 Bow Saw
23:24 Heavy Plow
26:23 Wheelbarrow
27:27 Hand Cart
31:35 Caravan
35:16 Imperial Age
32:54 Town Watch
33:33 Husbandry
33:44 Bloodlines
34:26 Town Patrol
36:05 Conscription
36:07 Devotion
37:13 Chemistry
37:18 Crop Rotation
37:54 Two-Man Saw
37:09 Elite War Elephant
42:04 Faith
42:01 Scale Barding Armor
42:07 Forging
41:54 Gold Mining
41:55 Stone Mining
43:13 Chain Barding Armor
45:20 Plate Barding Armor
45:20 Iron Casting
54:17 Blast Furnace
Connection lost

Rejoining the realm…

Still unreachable

The connection could not be restored.

Session expired

The server has moved on; the page needs a fresh start.